 Dungeon Crawl Stone Soup version 0.30.1-11-g7821555f0a (webtiles) character file.

Game seed: 15158067231511111780

1229 Groucho the Sneak (level 8, 0/36 HPs)
             Began as a Spriggan Conjurer on Nov 7, 2023.
             Was an Initiate of Sif Muna.
             Slain by a steam dragon (3 damage)
             ... on level 7 of the Dungeon.
             The game lasted 00:16:59 (18094 turns).

Groucho the Sneak (Spriggan Conjurer)              Turns: 18094, Time: 00:17:00

Health: 0/36       AC:  2    Str:  3    XL:     8   Next: 24%
Magic:  7/16       EV: 19    Int: 21    God:    Sif Muna [......]
Gold:   328        SH:  0    Dex: 14    Spells: 5/17 levels left

rFire   + . .        (weapon restricted)
rCold   + . .        (no shield)
rNeg    . . .        a - +0 robe
rPois   +            (helmet restricted)
rElec   +            (no cloak)
rCorr   +            (gloves unavailable)
SInv    +            (boots unavailable)
Will    +....        (no amulet)
Stlth   +++          (no ring)
HPRegen 0.26/turn    (no ring)
MPRegen 0.15/turn

%: no passive effects
@: resistant, very quick
A: very small, no large weapons, unfitting armour, see invisible, speed 3
a: Renounce Religion


You were on level 7 of the Dungeon.
You worshipped Sif Muna.
Sif Muna was noncommittal.
You visited 1 branch of the dungeon, and saw 7 of its levels.

You collected 328 gold pieces.

Inventory:

Armour
 a - a +0 robe (worn)
Jewellery
 r - a ring of ice
 v - a ring of resist corrosion
 w - a +4 ring of slaying
 y - a ring of ice
Wands
 g - a wand of flame (8)
 p - a wand of paralysis (4)
Scrolls
 c - 5 scrolls of identify
 e - a scroll of poison
 h - a scroll of torment
 j - 2 scrolls of teleportation {unknown}
 k - a scroll of fear
 l - a scroll of brand weapon
 m - a scroll of acquirement
 o - a scroll of enchant weapon
 u - a scroll of fog {unknown}
Potions
 b - a potion of magic
 d - a potion of brilliance {unknown}
 f - 3 potions of resistance
 i - 2 potions of degeneration {unknown}
 n - 3 potions of curing {unknown}
 q - a potion of ambrosia
 s - 2 potions of flight {unknown}
 t - a potion of lignification {unknown}
 x - 3 potions of heal wounds {unknown}


   Skills:
 + Level 5.6 Dodging
 + Level 6.6 Stealth
 + Level 5.2 Spellcasting
 * Level 5.2 Conjurations
 * Level 2.7 Earth Magic
 + Level 3.1 Invocations


You had 5 spell levels left.
You knew the following spells:

 Your Spells              Type           Power      Damage    Failure   Level
a - Magic Dart            Conj           100%       1d8       1%          1
b - Searing Ray           Conj           54%        2d6       1%          2
c - Sandblast             Erth           34%        2d9       3%          1
d - Stone Arrow           Conj/Erth      44%        3d9       6%          3
e - Dazzling Flash        Conj/Hex       32%        N/A       11%         3
f - Passwall              Tmut/Erth      9%         N/A       9%          2

Your spell library contained the following spells:

 Spells                   Type           Power      Damage    Failure   Level
 Hailstorm                Conj/Ice       16%        3d6       11%         3
 Call Canine Familiar     Summ           5%         N/A       32%         3
 Portal Projectile        Hex/Tloc       10%        N/A       32%         3
 Fulminant Prism          Conj/Hex       8%         3d7       36%         4
 Iskenderun's Mystic Bla  Conj/Tloc      16%        2d5       36%         4
 Leda's Liquefaction      Hex/Erth       5%         N/A       52%         4
 Ice Form                 Ice/Tmut       5%         N/A       71%         4
 Simulacrum               Ice/Necr       2%         N/A       100%        6


Dungeon Overview and Level Annotations

Branches:
Dungeon (7/15)             Temple (0/1) D:7

Altars:
Ashenzari
Cheibriados
Elyvilon
Gozag
Kikubaaqudgha
Makhleb
Nemelex Xobeh
Ru
Sif Muna

Annotations:
D:5 3 runed translucent doors, CrazyMind's ghost, amateur DsHW


Innate Abilities, Weirdness & Mutations

You are very small and have problems with some larger weapons.
You are too small for most types of armour.
You have supernaturally acute eyesight. (SInv)
You cover ground extremely quickly. (Speed+++)


Message History

The steam dragon is moderately wounded.
The steam dragon bites you! The steam dragon misses you.
The steam dragon barely misses you. x2
Unknown command.
Aiming: Sandblast (safe; 3% risk of failure)
Press: ? - help, Q - select action, (/) - cycle Shift-Dir - straight line, f/p - steam dragon
Aim: a steam dragon (moderately wounded, 82% to hit)
The blast of sand hits the steam dragon!
The steam dragon is severely wounded.
The steam dragon misses you. x2
Unknown command.
Aiming: Sandblast (safe; 3% risk of failure)
Press: ? - help, Q - select action, (/) - cycle Shift-Dir - straight line, f/p - steam dragon
Aim: a steam dragon (severely wounded, 82% to hit)
The blast of sand misses the steam dragon.
The steam dragon misses you. The steam dragon closely misses you.
The steam dragon misses you. The steam dragon closely misses you.
Unknown command.
Aiming: Sandblast (safe; 3% risk of failure)
Press: ? - help, Q - select action, (/) - cycle Shift-Dir - straight line, f/p - steam dragon
Aim: a steam dragon (severely wounded, 82% to hit)
The blast of sand hits the steam dragon but does no damage.
The steam dragon is severely wounded.
The steam dragon breathes steam at you. The ball of steam hits you!
Unknown command.
Aiming: Sandblast (safe; 3% risk of failure)
Press: ? - help, Q - select action, (/) - cycle Shift-Dir - straight line, f/p - steam dragon
Aim: a steam dragon (severely wounded, catching its breath, 82% to hit)
The blast of sand hits the steam dragon.
The steam dragon is almost dead.
You are engulfed in a cloud of scalding steam.
* * * LOW HITPOINT WARNING * * *
The steam dragon closely misses you. x3; The steam dragon misses you.
Unknown command.
Unknown command.
It was a potion of resistance.
You feel protected. The steam dragon barely misses you.
The steam dragon claws you.
You die...

#.#.######
....#........#
....#........#
....#........#
....#........#
....##########
....# ###D...#
#.@.§..+
#§#....############
#.#§§..#.........÷.
#.######.##########
#.# #.#..).###.#
#.# #.#.##.....#
#.# ####.#.######.#
#.# #....#.# #..
#.# #.####O# ###


You could see a steam dragon.

Vanquished Creatures
  2 water moccasins (D:7)
  A sky beast (D:4)
  An ogre (D:7)
  Blork the orc (D:6)
  2 scorpions
  A bullfrog (D:4)
  4 hounds
  5 iguanas
  A sleepcap (D:5)
  3 orc wizards (D:7)
  4 adders
  5 gnolls
  2 shadow imps
  2 white imps (D:5)
  4 worms
  2 dart slugs
  19 orcs
  7 endoplasms
  4 giant cockroaches
  3 goblins
  5 hobgoblins
  13 jackals
  7 kobolds
  5 quokkas
  5 ball pythons
  6 bats
  A frilled lizard (D:3)
  A rat (D:1)
116 creatures vanquished.

Notes
Turn   | Place    | Note
-------+----------+-------------------------------------------
     0 | D:1      | Groucho the Spriggan Conjurer began the quest for the Orb.
     0 | D:1      | Reached XP level 1. HP: 9/9 MP: 5/5
   553 | D:1      | Reached XP level 2. HP: 13/13 MP: 1/6
   556 | D:1      | Learned a level 2 spell: Searing Ray
  1901 | D:1      | Reached XP level 3. HP: 15/16 MP: 2/8
  3751 | D:2      | Found a shimmering blue altar of Sif Muna.
  3862 | D:2      | Reached skill level 4 in Stealth
  3947 | D:2      | Became a worshipper of Sif Muna the Loreminder
  4381 | D:3      | Reached XP level 4. HP: 21/21 MP: 0/10
  4689 | D:3      | Found a white marble altar of Elyvilon.
  4690 | D:3      | Identified the +0 chain mail of Eternal Vigilance {rElec
                  | rPois Regen+}
  5276 | D:4      | Found a snail-covered altar of Cheibriados.
  5647 | D:4      | Noticed a scorpion
  5664 | D:4      | Killed a scorpion
  5665 | D:4      | Reached XP level 5. HP: 24/24 MP: 1/11
  6126 | D:4      | Reached skill level 1 in Invocations
  6535 | D:4      | Found a broken altar of Ashenzari.
  7320 | D:4      | Noticed a sky beast
  7381 | D:4      | Killed a sky beast
  7382 | D:4      | Reached skill level 5 in Stealth
  7382 | D:4      | Reached XP level 6. HP: 28/28 MP: 0/13
  8103 | D:4      | Found an ancient bone altar of Kikubaaqudgha.
  8159 | D:4      | Found a sacrificial altar of Ru.
  9815 | D:5      | Entered Level 5 of the Dungeon
  9820 | D:5      | Identified a scroll of acquirement
  9832 | D:5      | Learned a level 1 spell: Sandblast
  9836 | D:5      | Learned a level 3 spell: Stone Arrow
  9840 | D:5      | Learned a level 3 spell: Dazzling Flash
  9843 | D:5      | Learned a level 2 spell: Passwall
  9955 | D:5      | Reached XP level 7. HP: 32/32 MP: 8/14
 10023 | D:5      | Found a sparkling altar of Nemelex Xobeh.
 10849 | D:5      | Reached * piety under Sif Muna
 10979 | D:5      | Reached skill level 5 in Dodging
 11994 | D:5      | Reached skill level 1 in Earth Magic
 13062 | D:5      | Found a runed translucent gate.
 13155 | D:5      | Found a runed translucent gate.
 13155 | D:5      | Found an opulent altar of Gozag.
 13156 | D:5      | Found a runed translucent gate.
 13157 | D:5      | Noticed CrazyMind's ghost (amateur DsHW)
 13159 | D:5      | Noticed a yak
 14151 | D:6      | Found a burning altar of Makhleb.
 14273 | D:6      | Noticed Blork the orc
 14286 | D:6      | Killed Blork the orc
 14712 | D:6      | Reached skill level 6 in Stealth
 15879 | D:7      | Reached skill level 5 in Spellcasting
 16968 | D:7      | Reached skill level 5 in Conjurations
 16968 | D:7      | Reached XP level 8. HP: 36/36 MP: 6/16
 17515 | D:7      | Found a staircase to the Ecumenical Temple.
 18094 | D:7      | Slain by a steam dragon

Illustrated notes

Levels and vault maps discovered:
D:1:      lemuel_arrival_tunnels, layout_basic, minivault_19,
          serial_bayou_pond_d, hangedman_decor_peaks_small,
          nrook_mini_backslash, nicolae_grassy_gnolls
D:2:      layout_rooms, basic_altar
D:3:      layout_loops_ring, mainiacjoe_overflow_cross_hatched
D:4:      layout_loops_corners, evilmike_ruin_ashenzari,
          mainiacjoe_overflow_swirl, lemuel_crystal_altar, grunt_tough_drop
D:5:      layout_basic, mainiacjoe_overflow_surrounded_room,
          ebering_ghost_gozag, minmay_pentangle
D:6:      layout_basic, mainiacjoe_overflow_chevrons, uniq_blork_the_orc
D:7:      kennysheep_seaside_town, layout_basic,
          grunt_temple_overflow_forces_of_nature, temple_green,
          chequers_serial_rivers_micro_c

Skill      XL: |  1  2  3  4  5  6  7  8 |
---------------+-------------------------+-----
Conjurations   | 3 4 5 |  5.2
Dodging        | 3 4 5 |  5.6
Spellcasting   | 3 4 5 |  5.2
Stealth        | 4 5 6 |  6.6
Invocations    | 1 2 3 |  3.1
Earth Magic    | 2 |  2.7

Action                     |  1- 3 |  4- 6 |  7- 9 || total
---------------------------+-------+-------+-------++-------
   Cast: Magic Dart        |   115 |    80 |    47 ||   242
         Searing Ray       |       |    16 |    24 ||    40
         Sandblast         |       |       |    18 ||    18
    Use: Scroll            |       |     6 |       ||     6
         Potion            |       |     1 |     1 ||     2
 Armour: Robe              |     1 |     1 |     4 ||     6
  Dodge: Dodged            |     2 |    22 |    31 ||    55
